 Dungeon Crawl Stone Soup version 0.24-a0-779-g36f0aeb (webtiles) character file.

Game seed: 4269485780768155911, levelgen mode: deterministic

492 2tousent the Sneak (level 7, -14/52 HPs)
             Began as a Formicid Fighter on Oct 7, 2019.
             Demolished by an ogre
             ... wielding a +0 giant spiked club
              (26 damage)
             ... on level 4 of the Dungeon.
             The game lasted 00:10:28 (4053 turns).

2tousent the Sneak (Formicid Fighter)               Turns: 4053, Time: 00:10:28

Health: -14/52     AC:  9    Str: 21    XL:     7   Next: 37%
Magic:  7/7        EV:  7    Int:  7    God:
Gold:   150        SH:  9    Dex: 12    Spells: 6/6 levels left

rFire    . . .     SeeInvis +   a - +1 rapier
rCold    . . .     Gourm    .   c - +0 shield
rNeg     . . .     Faith    .   b - +0 scale mail
rPois    .         Spirit   .   (helmet unavailable)
rElec    .         Reflect  .   (no cloak)
rCorr    .         Harm     .   (no gloves)
MR       .....                  h - +1 pair of boots
Stlth    ++........             l - amulet of magic regeneration
HPRegen  0.17/turn              (no ring)
MPRegen  0.35/turn              (no ring)

@: no status effects
A: permanent stasis, dig shafts and tunnels, four strong arms, antennae 3
a: Dig, Shaft Self


You were on level 4 of the Dungeon.
You were not hungry.

You visited 1 branch of the dungeon, and saw 5 of its levels.

You collected 150 gold pieces.

Inventory:

Hand Weapons
 a - a +1 rapier (weapon)
Armour
 b - a +0 scale mail (worn)
 c - a +0 shield (worn)
 h - a +1 pair of boots (worn)
Jewellery
 l - an amulet of magic regeneration (around neck)
 u - an uncursed amulet of magic regeneration
 v - a cursed amulet of inaccuracy {unknown}
Wands
 g - a wand of enslavement (7)
Scrolls
 e - a scroll of enchant armour
 i - a scroll of amnesia
 r - a scroll of identify
Potions
 d - 2 potions of might
 j - 3 potions of haste
 m - a potion of lignification {unknown}
 n - 3 potions of flight
 o - 2 potions of cancellation
 s - a potion of degeneration
Comestibles
 f - 6 rations
 k - a chunk of flesh


   Skills:
 - Level 3.2 Fighting
 * Level 5.4 Short Blades
 - Level 3.2 Armour
 * Level 6.5 Stealth
 - Level 3.6 Shields


You had 6 spell levels left.
You didn't know any spells.
Your spell library was empty.

Dungeon Overview and Level Annotations

Branches:
Dungeon (5/15)
 Temple: D:4-7

Altars:
Cheibriados
Kikubaaqudgha


Innate Abilities, Weirdness & Mutations

You cannot be hasted, slowed, berserked, paralysed or teleported.
You can dig through walls and to a lower floor.
Your four strong arms can wield two-handed weapons with a shield.
You have a pair of large antennae on your head. (SInv)


Message History

You hit the ogre.
The ogre is heavily wounded.
You hit the ogre.
The ogre is heavily wounded.
The ogre hits you with a +0 giant spiked club!!
* * * LOW HITPOINT WARNING * * *
You hit the ogre.
The ogre is severely wounded.
You block the ogre's attack.
You hit the ogre.
The ogre is severely wounded.
The ogre barely misses you.
Unknown command.
You completely miss the ogre.
The ogre is severely wounded.
You hit the ogre.
The ogre is severely wounded.
The ogre hits you with a +0 giant spiked club!!
Ouch! That really hurt!
You die...

#. ### .. ...#
#.##..#
##.#...####
#.........+
#.#....# #..r#..#
###O##.#
#.###@##.#
#.[......# +#
#####.#### .#
#.######### .#
#.........###.##
#.>######.##...#
#.........#.... #
#...####..##.#####
#..............)[.


You could see an ogre and a quokka.

Vanquished Creatures
  2 bullfrogs (D:4)
  A scorpion (D:4)
  A crimson imp (D:5)
  A bullfrog skeleton (D:4)
  An orc wizard (D:4)
  2 worker ants (D:4)
  10 adders
  2 dart slugs
  3 leopard geckos
  11 orcs
  4 bats
  3 giant cockroaches
  6 goblins
  7 hobgoblins
  8 jackals
  7 kobolds
  4 frilled lizards
  7 rats
80 creatures vanquished.

Notes
Turn   | Place    | Note
-------+----------+-------------------------------------------
     0 | D:1      | 2tousent the Formicid Fighter began the quest for the Orb.
     0 | D:1      | Reached XP level 1. HP: 18/18 MP: 1/1
    23 | D:1      | Reached skill level 1 in Stealth
   207 | D:1      | Reached XP level 2. HP: 24/24 MP: 2/2
   737 | D:2      | You fall into a shaft and drop 2 floors!
   766 | D:4      | Reached skill level 2 in Stealth
   826 | D:4      | Found a snail-covered altar of Cheibriados.
   826 | D:4      | Noticed a bullfrog
   959 | D:3      | Reached XP level 3. HP: 29/29 MP: 3/3
  1260 | D:3      | Reached skill level 3 in Stealth
  1260 | D:3      | Reached XP level 4. HP: 34/35 MP: 4/4
  1640 | D:2      | Reached XP level 5. HP: 33/41 MP: 5/5
  1838 | D:2      | Reached skill level 4 in Stealth
  1908 | D:2      | Found an ancient bone altar of Kikubaaqudgha.
  2903 | D:4      | Reached skill level 5 in Stealth
  2903 | D:4      | Reached XP level 6. HP: 29/47 MP: 6/6
  3600 | D:4      | Reached skill level 5 in Short Blades
  3600 | D:4      | Reached XP level 7. HP: 31/52 MP: 7/7
  3608 | D:4      | Reached skill level 6 in Stealth
  3742 | D:5      | Entered Level 5 of the Dungeon
  4053 | D:4      | Demolished by an ogre

Levels and vault maps discovered:
D:1:      sevenhm_arrival_forest_fort_small_5, layout_loops_ring
D:2:      layout_basic, lemuel_coloured_pillars_altar
D:3:      layout_basic, first_ration
D:4:      minmay_general_purpose_star, layout_loops_corners,
          kennysheep_slug_shrine, palyth_stone_intersect
D:5:      layout_basic, minmay_temple_entry_wispy, uniq_crazy_yiuf_cottage,
          uniq_menkaure, uniq_sigmund

Skill      XL: |  1  2  3  4  5  6  7 |
---------------+----------------------+-----
Stealth        | 1 2 3 5 6 |  6.5
Short Blades   | 3 4 5 |  5.4
Fighting       | |  3.2
Armour         | |  3.2
Shields        | |  3.6

Action                   |  1- 3 |  4- 6 |  7- 9 || total
-------------------------+-------+-------+-------++-------
Melee: Rapier            |    99 |   193 |    39 ||   331
Evoke: Wand              |       |       |     3 ||     3
  Use: Scroll            |       |    11 |       ||    11
 Stab: Sleeping          |       |     2 |       ||     2
  Eat: Chunk             |     1 |     8 |     1 ||    10
Armor: Scale mail        |    49 |   107 |     8 ||   164
Dodge: Dodged            |    33 |    50 |    11 ||    94
Block: Shield            |    51 |   103 |     9 ||   163

Table legend:
 A = Non-vault XP
 B = Vault XP
 C = Vault XP percentage of total XP
 D = Non-vault monster count
 E = Vault monster count
 F = Vault count percentage of total count
                 A         B        C        D         E       F
            +---------+---------+-------+---------+---------+-------
      Total |     663 |      41 |   5.8 |      77 |       3 |   3.8
            +---------+---------+-------+---------+---------+-------
        D:1 |      24 |       0 |   0.0 |      15 |       0 |   0.0
        D:2 |      85 |       0 |   0.0 |      24 |       0 |   0.0
        D:3 |      94 |       0 |   0.0 |      22 |       0 |   0.0
        D:4 |     398 |      41 |   9.3 |      10 |       3 |  23.1
        D:5 |      62 |       0 |   0.0 |       6 |       0 |   0.0
            +---------+---------+-------+---------+---------+-------
